 Dungeon Crawl Stone Soup version 0.30-a0-341-g682706514a (webtiles) character file.

Game seed: 14817946480110237556

53 IdlyInterested the Trooper (level 3, -4/31 HPs)
             Began as a Demonspawn Wanderer on Nov 4, 2022.
             Slain by a gnoll
             ... wielding a +0 flail
              (7 damage)
             ... on level 2 of the Dungeon.
             The game lasted 00:02:54 (815 turns).

IdlyInterested the Trooper (Demonspawn Wanderer)     Turns: 815, Time: 00:02:54

Health: -4/31      AC:  6    Str: 21    XL:     3   Next: 64%
Magic:  7/7        EV:  9    Int: 13    God:
Gold:   89         SH:  0    Dex: 11    Spells: 8/8 levels left

rFire   . . .      SeeInvis .    a - +1 hand axe
rCold   . . .      Faith    .    (no shield)
rNeg    . . .      Spirit   .    e - +0 scale mail
rPois   .          Reflect  .    (helmet restricted)
rElec   .          Harm     .    (no cloak)
rCorr   .          Rampage  .    (no gloves)
Will    .....                    (no boots)
Stlth   ..........               (no amulet)
HPRegen 0.25/turn                l - +6 ring of strength
MPRegen 0.10/turn                (no ring)

@: no status effects
A: antennae 1
a: no special abilities


You were on level 2 of the Dungeon.
You visited 1 branch of the dungeon, and saw 2 of its levels.

You collected 89 gold pieces.

Inventory:

Hand Weapons
 a - a +1 hand axe (weapon)
Missiles
 h - 3 poisoned darts (quivered)
Armour
 c - a +0 leather armour
 e - a +0 scale mail (worn)
Jewellery
 l - a +6 ring of strength (left hand)
Scrolls
 d - a scroll of vulnerability
Potions
 b - a potion of might
 f - a potion of brilliance {unknown}


   Skills:
 * Level 4.5 Fighting
 - Level 1.0 Axes
 + Level 0.7 Armour
 - Level 1.0 Stealth
 - Level 3.0 Spellcasting
 - Level 1.0 Evocations


You had 8 spell levels left.
You didn't know any spells.
Your spell library contained the following spells:

 Spells                   Type           Power      Damage    Failure   Level
 Freeze                   Ice            4%         1d3       54%         1
 Magic Dart               Conj           4%         1d3       54%         1
 Sting                    Tmut/Pois      4%         1d3       54%         1
 Kindle Blastsparks       Fire/Tloc/Air  2%         2d10      89%         3


Dungeon Overview and Level Annotations

Branches:
Dungeon (2/15)

Altars:


Innate Abilities, Weirdness & Mutations

You have a pair of small antennae on your head.


Message History

You closely miss the gnoll.
The gnoll is lightly wounded.
You hit the gnoll. The gnoll hits you with a +0 club.
The gnoll barely misses you.
You barely miss the gnoll.
The gnoll is lightly wounded.
You barely miss the gnoll. The gnoll hits you with a +0 whip.
The gnoll closely misses you.
You hit the gnoll.
The gnoll is moderately wounded.
You hit the gnoll. The gnoll barely misses you. x3
The gnoll hits you with a +0 club.
You hit the gnoll.
The gnoll is severely wounded.
You closely miss the gnoll. The gnoll hits you with a +0 whip.
The gnoll hits you with a +0 club.
* * * LOW HITPOINT WARNING * * *
You hit the gnoll.
The gnoll is severely wounded.
You completely miss the gnoll. You hit the gnoll.
The gnoll hits you with a +0 flail.
* * * LOW HITPOINT WARNING * * *
The gnoll barely misses you. The gnoll completely misses you.
Unknown command.
You feel better. The gnoll barely misses you.
The gnoll hits you with a +0 club. The gnoll closely misses you.
You hit the gnoll.
The gnoll is severely wounded.
You completely miss the gnoll. You barely miss the gnoll.
The gnoll hits you with a +0 whip.
* * * LOW HITPOINT WARNING * * *
The gnoll hits you with a +0 flail.
* * * LOW HITPOINT WARNING * * *
The gnoll hits you with a +0 club.
* * * LOW HITPOINT WARNING * * *
You feel better. The gnoll closely misses you.
The gnoll hits you with a +0 club.
* * * LOW HITPOINT WARNING * * *
The gnoll hits you with a +0 flail!
You die...

.................# ......
.......).)#.....#
......####....รท.........
........##..............
........##...<..........
........................
........................
......g.................
......g@...............>
......g.##...##.........
###.....##...##.........
#.....##...##.........
#.....##...##########'
#.....##...# #.
#.....##...# #.
########...# #. #...# #.


You could see 3 gnolls.

Vanquished Creatures
  2 adders (D:2)
  A worm (D:2)
  2 ball pythons (D:1)
  A bat (D:1)
  4 endoplasms (D:1)
  2 giant cockroaches
  2 goblins (D:2)
  4 hobgoblins
  4 kobolds
  2 quokkas (D:1)
  3 frilled lizards (D:1)
  3 rats (D:1)
30 creatures vanquished.

Notes
Turn   | Place    | Note
-------+----------+-------------------------------------------
     0 | D:1      | IdlyInterested the Demonspawn Wanderer began the quest for
                  | the Orb.
     0 | D:1      | IdlyInterested set off with the following items: a +1 hand
                  | axe, a potion of might, a +0 leather armour; and the
                  | following spells available to memorise: Freeze, Magic Dart,
                  | Sting, Kindle Blastsparks.
     0 | D:1      | Reached XP level 1. HP: 18/18 MP: 4/4
   174 | D:1      | Gained mutation: You have a pair of small antennae on your
                  | head. [demonic ancestry]
   174 | D:1      | Reached XP level 2. HP: 19/24 MP: 6/6
   336 | D:1      | Reached skill level 4 in Fighting
   574 | D:2      | Reached XP level 3. HP: 26/30 MP: 7/7
   815 | D:2      | Slain by a gnoll

Illustrated notes

Levels and vault maps discovered:
D:1:      dpeg_arrival_shrine, layout_rooms, minmay_pentomino_u4
D:2:      layout_basic, minmay_misc_feat_nine_boxes

Skill      XL: |  1  2 |
---------------+-------+-----
Fighting       | 4 |  4.5
Axes           | |  1.0
Armour         | |  0.7
Stealth        | |  1.0
Spellcasting   | |  3.0
Evocations     | |  1.0

Action                   || total
-------------------------++-------
Melee: Hand axe          ||    81
  Use: Scroll            ||     4
       Potion            ||     2
Armor: Scale mail        ||    41
       Leather armour    ||     2
Dodge: Dodged            ||    50

Table legend: (Time is in decaauts)
 A = Elapsed time spent in this place.
 B = Non-inter-level travel time spent in this place.
 C = Inter-level travel time spent in this place.
 D = Time resting spent in this place.
 E = Time spent auto-exploring this place.
 F = Levels seen in this place.
 G = Mean time per level.
                   A        B        C        D        E       F      G
               +--------+--------+--------+--------+--------+-----+--------+
         Total |    836 |    762 |     74 |     42 |    408 |   2 |  418.0 |
       Dungeon |    836 |    762 |     74 |     42 |    408 |   2 |  418.0 |
               +--------+--------+--------+--------+--------+-----+--------+

Top non-repeatable levels by time:
     D:1: 561 daAuts
     D:2: 275 daAuts
